| TOP OF THE 1ST |
|
Calgary Flames batting - Pitching for Kelowna Heat : LHP Chris Wrobel
|
|
Pitching: LHP Chris Wrobel
|
|
|
Batting: SHB Yu-hsui Lew
|
0-0: Called Strike 0-1: Ground out 5-3 (Groundball, 56S, EV 79.4 MPH)
|
|
Batting: RHB Andre Thompson
|
0-0: Ball 1-0: Ball 2-0: Ball 3-0: Called Strike 3-1: Foul Ball, location: 2F 3-2: Ground out 5-3 (Groundball, 5, EV 107.5 MPH)
|
|
Batting: SHB Shawnie Codbucket
|
0-0: Called Strike 0-1: Ball 1-1: Ball 2-1: Ball 3-1: Ground out 4-3 (Groundball, 4, EV 102.5 MPH)
|
| Top of the 1st over - 0 runs, 0 hits, 0 errors, 0 left on base; Calgary 0 - Kelowna 0 |
| BOTTOM OF THE 1ST |
|
Kelowna Heat batting - Pitching for Calgary Flames : RHP Vicente Garcia
|
|
Pitching: RHP Vicente Garcia
|
|
|
Batting: RHB Mike Storey
|
0-0: Ball 1-0: Called Strike 1-1: Foul Ball, location: 2F 1-2: Ball 2-2: Foul Ball, location: 2F 2-2: Strikes out looking
|
|
Batting: RHB Sean Gilbert
|
0-0: Ball 1-0: Ball 2-0: Called Strike 2-1: Foul Ball, location: 2F 2-2: Ball 3-2: Foul Ball, location: 2F 3-2: Strikes out swinging
|
|
Batting: LHB Billy Lang
|
0-0: Called Strike 0-1: Foul Ball, location: 2F 0-2: Fly out, F7 (Flyball, 78D, EV 79.4 MPH)
|
| Bottom of the 1st over - 0 runs, 0 hits, 0 errors, 0 left on base; Calgary 0 - Kelowna 0 |
| TOP OF THE 2ND |
|
Calgary Flames batting - Pitching for Kelowna Heat : LHP Chris Wrobel
|
|
Batting: LHB Bruce Daley
|
0-0: Fly out, F8 (Flyball, 89D, EV 103.1 MPH)
|
|
Batting: LHB Greg Robertson
|
0-0: Called Strike 0-1: Fly out, F8 (Flyball, 8RXD, EV 97.5 MPH)
|
|
Batting: RHB Bruce Lovett
|
0-0: Called Strike 0-1: Foul Ball, location: 2F 0-2: Foul Ball, location: 2F 0-2: Ball 1-2: Foul Ball, location: 2F 1-2: Foul Ball, location: 2F 1-2: Strikes out looking
|
| Top of the 2nd over - 0 runs, 0 hits, 0 errors, 0 left on base; Calgary 0 - Kelowna 0 |
| BOTTOM OF THE 2ND |
|
Kelowna Heat batting - Pitching for Calgary Flames : RHP Vicente Garcia
|
|
Batting: LHB Alex Larangho
|
0-0: Ball 1-0: Ball 2-0: SINGLE (Line Drive, 89S, EV 108.1 MPH)
|
|
Batting: RHB Soichi Kaneshiro
|
0-0: Ball 1-0: Ball 2-0: Reached on error, E6 (Groundball, 6, EV 105.0 MPH) Alex Larangho to second
|
|
Batting: RHB Joey Black
|
0-0: Ball 1-0: Foul Ball, location: 2F 1-1: Called Strike 1-2: Strikes out swinging
|
|
Batting: LHB Willy Berrios
|
0-0: Called Strike 0-1: Swinging Strike 0-2: Foul Ball, location: 2F 0-2: Strikes out swinging
|
|
Batting: RHB Glen Limeburner
|
0-0: Called Strike 0-1: Ball 1-1: Ball 2-1: DOUBLE (Groundball, 3L, EV 108.8 MPH) Alex Larangho scores Soichi Kaneshiro to third
|
|
Batting: RHB Jason Fink
|
0-0: Swinging Strike 0-1: Swinging Strike 0-2: Ball 1-2: Strikes out swinging
|
| Bottom of the 2nd over - 1 run, 2 hits, 1 error, 2 left on base; Calgary 0 - Kelowna 1 |
| TOP OF THE 3RD |
|
Calgary Flames batting - Pitching for Kelowna Heat : LHP Chris Wrobel
|
|
Batting: RHB Ryan Allen
|
0-0: Ball 1-0: Ball 2-0: Called Strike 2-1: Foul Ball, location: 2F 2-2: Strikes out swinging
|
|
Batting: RHB Jerry Olson
|
0-0: SINGLE (Flyball, 8LS, EV 90.6 MPH)
|
|
Batting: RHB Pablo Henriquez
|
0-0: Called Strike 0-1: Ball 1-1: Swinging Strike 1-2: Ball 2-2: Ball 3-2: Strikes out swinging
|
|
Batting: SHB Yu-hsui Lew
|
0-0: Ground out 6-3 (Groundball, 6, EV 86.9 MPH)
|
| Top of the 3rd over - 0 runs, 1 hit, 0 errors, 1 left on base; Calgary 0 - Kelowna 1 |
| BOTTOM OF THE 3RD |
|
Kelowna Heat batting - Pitching for Calgary Flames : RHP Vicente Garcia
|
|
Batting: RHB Mike Storey
|
0-0: Ball 1-0: Foul Ball, location: 2F 1-1: Ball 2-1: SOLO HOME RUN (Flyball, 7D, EV 94.4 MPH), Distance : 373 ft
|
|
Batting: RHB Sean Gilbert
|
0-0: Foul Ball, location: 2F 0-1: Ball 1-1: Swinging Strike 1-2: Ball 2-2: Strikes out swinging
|
|
Batting: LHB Billy Lang
|
0-0: Foul Ball, location: 2F 0-1: Ball 1-1: Ball 2-1: Ball 3-1: Foul Ball, location: 2F 3-2: Foul Ball, location: 2F 3-2: Foul Ball, location: 2F 3-2: Foul Ball, location: 2F 3-2: Base on Balls
|
|
Batting: LHB Alex Larangho
|
0-0: Ball 1-0: Called Strike Billy Lang is caught stealing 2nd base 2-6 1-1: SINGLE (Groundball, 56S, EV 71.9 MPH) (infield hit)
|
|
Batting: RHB Soichi Kaneshiro
|
0-0: Ball 1-0: Foul Ball, location: 2F 1-1: Ball 2-1: Ground out 4-3 (Groundball, 4, EV 104.4 MPH)
|
| Bottom of the 3rd over - 1 run, 2 hits, 0 errors, 1 left on base; Calgary 0 - Kelowna 2 |
| TOP OF THE 4TH |
|
Calgary Flames batting - Pitching for Kelowna Heat : LHP Chris Wrobel
|
|
Batting: RHB Andre Thompson
|
0-0: Ball 1-0: Fly out, F7 (Flyball, 78M, EV 94.4 MPH)
|
|
Batting: SHB Shawnie Codbucket
|
0-0: Called Strike 0-1: Called Strike 0-2: Ball 1-2: Foul Ball, location: 2F 1-2: Strikes out swinging
|
|
Batting: LHB Bruce Daley
|
0-0: Ball 1-0: Ground out 2-3 (Groundball, 15S, EV 72.5 MPH)
|
| Top of the 4th over - 0 runs, 0 hits, 0 errors, 0 left on base; Calgary 0 - Kelowna 2 |
| BOTTOM OF THE 4TH |
|
Kelowna Heat batting - Pitching for Calgary Flames : RHP Vicente Garcia
|
|
Batting: RHB Joey Black
|
0-0: Swinging Strike 0-1: Foul Ball, location: 2F 0-2: Ball 1-2: Ball 2-2: Foul Ball, location: 2F 2-2: Foul Ball, location: 2F 2-2: Fly out, F7 (Flyball, 7, EV 79.4 MPH)
|
|
Batting: LHB Willy Berrios
|
0-0: Swinging Strike 0-1: Foul Ball, location: 2F 0-2: Fly out, F5 (Popup, 5SF, EV 75.0 MPH)
|
|
Batting: RHB Glen Limeburner
|
0-0: Ball 1-0: Ball 2-0: Fly out, F5 (Line Drive, 5L, EV 74.4 MPH)
|
| Bottom of the 4th over - 0 runs, 0 hits, 0 errors, 0 left on base; Calgary 0 - Kelowna 2 |
| TOP OF THE 5TH |
|
Calgary Flames batting - Pitching for Kelowna Heat : LHP Chris Wrobel
|
|
Batting: LHB Greg Robertson
|
0-0: Foul Ball, location: 2F 0-1: Foul Ball, location: 2F 0-2: Ball 1-2: Foul Ball, location: 2F 1-2: Ball 2-2: Fly out, F3 (Popup, 23F, EV 86.2 MPH)
|
|
Batting: RHB Bruce Lovett
|
0-0: Ball 1-0: Swinging Strike 1-1: Swinging Strike 1-2: Ball 2-2: Ball 3-2: Base on Balls
|
|
Batting: RHB Ryan Allen
|
0-0: Fly out, F7 (Line Drive, 7D, EV 100.6 MPH)
|
|
Batting: RHB Jerry Olson
|
0-0: Ball 1-0: Foul Ball, location: 2F 1-1: Fly out, F8 (Line Drive, 8LM, EV 92.5 MPH)
|
| Top of the 5th over - 0 runs, 0 hits, 0 errors, 1 left on base; Calgary 0 - Kelowna 2 |
| BOTTOM OF THE 5TH |
|
Kelowna Heat batting - Pitching for Calgary Flames : RHP Vicente Garcia
|
|
Pitching: RHP Nick Munk
|
|
|
Batting: RHB Jason Fink
|
0-0: Called Strike 0-1: Ground out 4-3 (Groundball, 4, EV 83.1 MPH)
|
|
Batting: RHB Mike Storey
|
0-0: Ball 1-0: Ball 2-0: Called Strike 2-1: Ball 3-1: Base on Balls
|
|
Batting: RHB Sean Gilbert
|
0-0: Swinging Strike 0-1: Ball 1-1: Foul Ball, location: 2F 1-2: Strikes out looking
|
|
Batting: LHB Billy Lang
|
0-0: Ball 1-0: Foul Ball, location: 2F 1-1: Swinging Strike 1-2: Foul Ball, location: 2F 1-2: Foul Ball, location: 2F 1-2: Ball 2-2: Ball 3-2: Ground out 6-3 (Groundball, 4M, EV 91.9 MPH)
|
| Bottom of the 5th over - 0 runs, 0 hits, 0 errors, 1 left on base; Calgary 0 - Kelowna 2 |
| TOP OF THE 6TH |
|
Calgary Flames batting - Pitching for Kelowna Heat : LHP Chris Wrobel
|
|
Batting: RHB Pablo Henriquez
|
0-0: Ball 1-0: Ball 2-0: Ball 3-0: Called Strike 3-1: Called Strike 3-2: Foul Ball, location: 2F 3-2: Strikes out swinging
|
|
Batting: SHB Yu-hsui Lew
|
0-0: Ball 1-0: Foul Ball, location: 2F 1-1: Ball 2-1: SINGLE (Groundball, 6D, EV 105.6 MPH)
|
|
Batting: RHB Andre Thompson
|
0-0: Ball 1-0: Ball 2-0: Called Strike 2-1: Fly out, F7 (Flyball, 78M, EV 93.8 MPH)
|
|
Batting: SHB Shawnie Codbucket
|
0-0: Ball 1-0: Ground out U3 (Groundball, 3, EV 83.8 MPH)
|
| Top of the 6th over - 0 runs, 1 hit, 0 errors, 1 left on base; Calgary 0 - Kelowna 2 |
| BOTTOM OF THE 6TH |
|
Kelowna Heat batting - Pitching for Calgary Flames : RHP Nick Munk
|
|
Batting: LHB Alex Larangho
|
0-0: Foul Ball, location: 2F 0-1: Ball 1-1: Swinging Strike 1-2: Strikes out looking
|
|
Batting: RHB Soichi Kaneshiro
|
0-0: Fly out, F8 (Flyball, 8LD, EV 105.0 MPH)
|
|
Batting: RHB Joey Black
|
0-0: Ball 1-0: Ball 2-0: Called Strike 2-1: Foul Ball, location: 2F 2-2: Ball 3-2: SINGLE (Groundball, 34D, EV 115.6 MPH)
|
|
Batting: LHB Willy Berrios
|
0-0: Ball 1-0: Foul Ball, location: 2F 1-1: Foul Ball, location: 2F 1-2: Strikes out swinging
|
| Bottom of the 6th over - 0 runs, 1 hit, 0 errors, 1 left on base; Calgary 0 - Kelowna 2 |
| TOP OF THE 7TH |
|
Calgary Flames batting - Pitching for Kelowna Heat : LHP Chris Wrobel
|
|
Batting: LHB Bruce Daley
|
0-0: Ball 1-0: Called Strike 1-1: Ball 2-1: Ground out U3 (Groundball, 3, EV 110.0 MPH)
|
|
Pitching: RHP Jerry Schlaak
|
|
|
Batting: LHB Greg Robertson
|
0-0: Ball 1-0: Ball 2-0: Ball 3-0: Swinging Strike 3-1: Fly out, F9 (Line Drive, 9, EV 91.9 MPH)
|
|
Pinch Hitting: LHB Danny Valdovinos
|
0-0: Ground out 6-3 (Groundball, 56, EV 99.4 MPH)
|
| Top of the 7th over - 0 runs, 0 hits, 0 errors, 0 left on base; Calgary 0 - Kelowna 2 |
| BOTTOM OF THE 7TH |
|
Kelowna Heat batting - Pitching for Calgary Flames : RHP Nick Munk
|
|
Now at 3B: Alejandro Patron
|
|
|
Batting: RHB Glen Limeburner
|
0-0: Called Strike 0-1: Ball 1-1: Called Strike 1-2: Foul Ball, location: 2F 1-2: Strikes out swinging
|
|
Batting: RHB Jason Fink
|
0-0: Ball 1-0: Swinging Strike 1-1: Foul Ball, location: 2F 1-2: Ball 2-2: Ball 3-2: Foul Ball, location: 2F 3-2: Base on Balls
|
|
Pitching: RHP John Smyth
|
|
|
Batting: RHB Mike Storey
|
0-0: Ball Jason Fink steals 2nd base 1-0: Called Strike 1-1: Foul Ball, location: 2F 1-2: Strikes out swinging
|
|
Batting: RHB Sean Gilbert
|
0-0: Ball 1-0: Ball 2-0: Foul Ball, location: 2F 2-1: Ball 3-1: Called Strike 3-2: Foul Ball, location: 2F 3-2: Foul Ball, location: 2F 3-2: Strikes out swinging
|
| Bottom of the 7th over - 0 runs, 0 hits, 0 errors, 1 left on base; Calgary 0 - Kelowna 2 |
| TOP OF THE 8TH |
|
Calgary Flames batting - Pitching for Kelowna Heat : RHP Jerry Schlaak
|
|
Batting: RHB Tyler Johnson
|
0-0: Swinging Strike 0-1: Swinging Strike 0-2: Strikes out swinging
|
|
Pinch Hitting: RHB Juan Mercado
|
0-0: Fly out, F3 (Popup, 3S, EV 85.0 MPH)
|
|
Pinch Hitting: RHB Juan Maravilla
|
0-0: Foul Ball, location: 2F 0-1: Swinging Strike 0-2: Ball 1-2: Strikes out swinging
|
| Top of the 8th over - 0 runs, 0 hits, 0 errors, 0 left on base; Calgary 0 - Kelowna 2 |
| BOTTOM OF THE 8TH |
|
Kelowna Heat batting - Pitching for Calgary Flames : RHP John Smyth
|
|
Now at 2B: Andre Thompson
|
|
|
Now at SS: Jim Harkness
|
|
|
Now in LF: Juan Mercado
|
|
|
Batting: LHB Billy Lang
|
0-0: Ball 1-0: Ball 2-0: Called Strike 2-1: Called Strike 2-2: Foul Ball, location: 2F 2-2: Strikes out swinging
|
|
Batting: LHB Alex Larangho
|
0-0: Ball 1-0: Ball 2-0: Ball 3-0: Called Strike 3-1: Foul Ball, location: 2F 3-2: SOLO HOME RUN (Flyball, 7D, EV 96.2 MPH), Distance : 382 ft
|
|
Batting: RHB Soichi Kaneshiro
|
0-0: Called Strike 0-1: Ground out 5-3 (Groundball, 5S, EV 88.8 MPH)
|
|
Pitching: RHP Tony Morales
|
|
|
Batting: RHB Joey Black
|
0-0: Ball 1-0: Foul Ball, location: 2F 1-1: Ball 2-1: Called Strike 2-2: Ball 3-2: Foul Ball, location: 2F 3-2: Foul Ball, location: 2F 3-2: Foul Ball, location: 2F 3-2: Foul Ball, location: 2F 3-2: Fly out, F9 (Flyball, 9LS, EV 83.1 MPH)
|
| Bottom of the 8th over - 1 run, 1 hit, 0 errors, 0 left on base; Calgary 0 - Kelowna 3 |
| TOP OF THE 9TH |
|
Calgary Flames batting - Pitching for Kelowna Heat : RHP Jerry Schlaak
|
|
Pitching: RHP Carlos Florez
|
|
|
Batting: SHB Yu-hsui Lew
|
0-0: Ball 1-0: Ball 2-0: Fly out, F9 (Flyball, 9D, EV 90.0 MPH)
|
|
Pinch Hitting: SHB Steve Wipf
|
0-0: Ball 1-0: Fly out, F4 (Popup, 4, EV 81.2 MPH)
|
|
Batting: SHB Shawnie Codbucket
|
0-0: Ball 1-0: Swinging Strike 1-1: Swinging Strike 1-2: Foul Ball, location: 2F 1-2: Ball 2-2: Strikes out swinging
|
| Top of the 9th over - 0 runs, 0 hits, 0 errors, 0 left on base; Calgary 0 - Kelowna 3 |
|